PCL
DISTRICT 9 PRAWNS @ HOUSTON HAMMERTIME
06/02/2028
 
TOP OF THE 1ST
District 9 Prawns batting - Pitching for Houston Hammertime : RHP Máximo Marín
Pitching: RHP Máximo Marín
Batting: SHB Félix Montoya 0-0: Called Strike
0-1: Ball
1-1: Swinging Strike
1-2: Strikes out swinging
Batting: RHB José Colón 0-0: Ball
1-0: Foul Ball, location: 2F
1-1: Ball
2-1: Called Strike
2-2: Strikes out swinging
Batting: LHB Leonard Young 0-0: Ball
1-0: Called Strike
1-1: Foul Ball, location: 2F
1-2: Ball
2-2: Foul Ball, location: 2F
2-2: Ball
3-2: Base on Balls
Batting: SHB Rick Turner 0-0: Ball
Throwing error on steal attempt, E2
Leonard Young to third
1-0: Ball
2-0: Foul Ball, location: 2F
2-1: Ball
3-1: Called Strike
3-2: SINGLE (Flyball, 4MD)
Leonard Young scores
Batting: LHB Terry Simpson 0-0: Called Strike
0-1: Ball
1-1: Ball
2-1: Ball
3-1: Called Strike
3-2: Base on Balls
Rick Turner to second
Batting: RHB Felipe Jareño 0-0: Ball
1-0: Ball
2-0: Ball
3-0: Called Strike
3-1: Base on Balls
Rick Turner to third
Terry Simpson to second
Batting: LHB Culley Vaughan 0-0: Called Strike
0-1: Foul Ball, location: 2F
0-2: Ball
1-2: SINGLE (Line Drive, 4D)
Rick Turner scores
Terry Simpson to third
Felipe Jareño to second
Batting: LHB Miguel Barrón 0-0: Ball
1-0: Ball
2-0: Called Strike
2-1: Ball
3-1: Base on Balls
Terry Simpson scores
Felipe Jareño to third
Culley Vaughan to second
Batting: RHB Phil Jacobs 0-0: Called Strike
0-1: Foul Ball, location: 2F
0-2: Strikes out swinging
Top of the 1st over - 3 run(s), 2 hit(s), 1 error(s), 3 left on base; District 9 3 - Houston 0
BOTTOM OF THE 1ST
Houston Hammertime batting - Pitching for District 9 Prawns : LHP Pedro Valdés
Pitching: LHP Pedro Valdés
Batting: SHB Carlos Córdova 0-0: Swinging Strike
0-1: Foul Ball, location: 2F
0-2: Ball
1-2: Foul Ball, location: 2F
1-2: Foul Ball, location: 2F
1-2: Foul Ball, location: 2F
1-2: Ball
2-2: Ball
3-2: Foul Ball, location: 2F
3-2: Foul Ball, location: 2F
3-2: SINGLE (Groundball, 4D)
Batting: LHB António Camacho 0-0: Ball
1-0: Called Strike
Carlos Córdova is caught stealing 2nd base
1-1: Ball
2-1: Ground out 1-3 (Groundball, 13)
Batting: RHB Alonso Holguín 0-0: Ball
1-0: Swinging Strike
1-1: Ball
2-1: Ground out 1-3 (Groundball, P)
Bottom of the 1st over - 0 run(s), 1 hit(s), 0 error(s), 0 left on base; District 9 3 - Houston 0
TOP OF THE 2ND
District 9 Prawns batting - Pitching for Houston Hammertime : RHP Máximo Marín
Batting: SHB Félix Montoya 0-0: Ball
1-0: Swinging Strike
1-1: Swinging Strike
1-2: Strikes out swinging
Batting: RHB José Colón 0-0: Called Strike
0-1: Foul Ball, location: 2F
0-2: Foul Ball, location: 2F
0-2: Strikes out looking
Batting: LHB Leonard Young 0-0: Swinging Strike
0-1: Called Strike
0-2: Ball
1-2: Ball
2-2: Strikes out swinging
Top of the 2nd over - 0 run(s), 0 hit(s), 0 error(s), 0 left on base; District 9 3 - Houston 0
BOTTOM OF THE 2ND
Houston Hammertime batting - Pitching for District 9 Prawns : LHP Pedro Valdés
Batting: LHB Frank Geddes 0-0: Ball
1-0: Ball
2-0: Ground out 4-3 (Groundball, 4)
Batting: RHB John Major 0-0: Ball
1-0: SINGLE (Flyball, 8RS)
Batting: RHB Pedro Meza 0-0: Ball
1-0: Called Strike
1-1: Called Strike
1-2: Strikes out swinging
Batting: RHB Santo Cruz 0-0: Ball
1-0: Ball
2-0: Ball
3-0: Base on Balls
John Major to second
Batting: RHB José García 0-0: Foul Ball, location: 2F
0-1: Ball
1-1: Ground out 1-3 (Groundball, 13)
Bottom of the 2nd over - 0 run(s), 1 hit(s), 0 error(s), 2 left on base; District 9 3 - Houston 0
TOP OF THE 3RD
District 9 Prawns batting - Pitching for Houston Hammertime : RHP Máximo Marín
Batting: SHB Rick Turner 0-0: Called Strike
0-1: Foul Ball, location: 2F
0-2: Ball
1-2: Foul Ball, location: 2F
1-2: Ball
2-2: Strikes out swinging
Batting: LHB Terry Simpson 0-0: Swinging Strike
0-1: Ball
1-1: Ball
2-1: Called Strike
2-2: Fly out, F8 (Line Drive, 8LM)
Batting: RHB Felipe Jareño 0-0: Swinging Strike
0-1: Ball
1-1: Ball
2-1: Called Strike
2-2: Strikes out swinging
Top of the 3rd over - 0 run(s), 0 hit(s), 0 error(s), 0 left on base; District 9 3 - Houston 0
BOTTOM OF THE 3RD
Houston Hammertime batting - Pitching for District 9 Prawns : LHP Pedro Valdés
Batting: RHB Victor Andrews 0-0: Ball
1-0: Called Strike
1-1: Ground out 5-3 (Groundball, 56S)
Batting: SHB Carlos Córdova 0-0: Fly out, F4 (Line Drive, 34)
Batting: LHB António Camacho 0-0: Called Strike
0-1: Ball
1-1: Foul Ball, location: 2F
1-2: Ball
2-2: Ball
3-2: Strikes out swinging
Bottom of the 3rd over - 0 run(s), 0 hit(s), 0 error(s), 0 left on base; District 9 3 - Houston 0
TOP OF THE 4TH
District 9 Prawns batting - Pitching for Houston Hammertime : RHP Máximo Marín
Batting: LHB Culley Vaughan 0-0: Called Strike
0-1: Ball
1-1: Foul Ball, location: 2F
1-2: Strikes out looking
Batting: LHB Miguel Barrón 0-0: Foul Ball, location: 2F
0-1: Swinging Strike
0-2: Ball
1-2: Foul Ball, location: 2F
1-2: Ball
2-2: Foul Ball, location: 2F
2-2: Foul Ball, location: 2F
2-2: Strikes out swinging
Batting: RHB Phil Jacobs 0-0: Called Strike
0-1: Swinging Strike
0-2: Ball
1-2: Ball
2-2: Strikes out swinging
Top of the 4th over - 0 run(s), 0 hit(s), 0 error(s), 0 left on base; District 9 3 - Houston 0
BOTTOM OF THE 4TH
Houston Hammertime batting - Pitching for District 9 Prawns : LHP Pedro Valdés
Batting: RHB Alonso Holguín 0-0: Called Strike
0-1: Swinging Strike
0-2: Ball
1-2: Strikes out looking
Batting: LHB Frank Geddes 0-0: Called Strike
0-1: Ball
1-1: Ball
2-1: Swinging Strike
2-2: Ball
3-2: Strikes out swinging
Batting: RHB John Major 0-0: Ball
1-0: Foul Ball, location: 2F
1-1: Swinging Strike
1-2: Strikes out swinging
Bottom of the 4th over - 0 run(s), 0 hit(s), 0 error(s), 0 left on base; District 9 3 - Houston 0
TOP OF THE 5TH
District 9 Prawns batting - Pitching for Houston Hammertime : RHP Máximo Marín
Pitching: LHP William Watson
Batting: SHB Félix Montoya 0-0: Ball
1-0: Foul Ball, location: 2F
1-1: Foul Ball, location: 2F
1-2: Strikes out swinging
Batting: RHB José Colón 0-0: Ball
1-0: Called Strike
1-1: Ground out 4-3 (Groundball, 4)
Batting: LHB Leonard Young 0-0: Called Strike
0-1: Ball
1-1: Foul Ball, location: 2F
1-2: Strikes out swinging
Top of the 5th over - 0 run(s), 0 hit(s), 0 error(s), 0 left on base; District 9 3 - Houston 0
BOTTOM OF THE 5TH
Houston Hammertime batting - Pitching for District 9 Prawns : LHP Pedro Valdés
Batting: RHB Pedro Meza 0-0: Foul Ball, location: 2F
0-1: Called Strike
0-2: Ground out 4-3 (Groundball, 4S)
Batting: RHB Santo Cruz 0-0: SINGLE (Groundball, 6) (infield hit)
Batting: RHB José García 0-0: Called Strike
0-1: Ball
1-1: Foul Ball, location: 2F
1-2: SINGLE (Flyball, 6MD)
Santo Cruz to second
Runner from 2nd tries for 3rd, SAFE, throw made to third
José García to second
Batting: RHB Victor Andrews 0-0: Called Strike
0-1: Ball
1-1: Ball
2-1: Fly out, F7 (Flyball, 7)
Runner from 3rd tags up, OUT at HOME
Bottom of the 5th over - 0 run(s), 2 hit(s), 0 error(s), 1 left on base; District 9 3 - Houston 0
TOP OF THE 6TH
District 9 Prawns batting - Pitching for Houston Hammertime : LHP William Watson
Batting: SHB Rick Turner 0-0: Called Strike
0-1: Foul Ball, location: 2F
0-2: Ball
1-2: Ball
2-2: Ball
3-2: Fly out, F8 (Line Drive, 8LD)
Batting: LHB Terry Simpson 0-0: Called Strike
0-1: Foul Ball, location: 2F
0-2: Ball
1-2: Foul Ball, location: 2F
1-2: Foul Ball, location: 2F
1-2: Reached on error, E4 (Groundball, 4)
Batting: RHB Felipe Jareño 0-0: Ball
1-0: Ball
2-0: Foul Ball, location: 2F
2-1: Foul Ball, location: 2F
2-2: Strikes out swinging
Batting: LHB Culley Vaughan 0-0: Ball
1-0: Called Strike
1-1: Ground out 6-3 (Groundball, 6)
Top of the 6th over - 0 run(s), 0 hit(s), 1 error(s), 1 left on base; District 9 3 - Houston 0
BOTTOM OF THE 6TH
Houston Hammertime batting - Pitching for District 9 Prawns : LHP Pedro Valdés
Batting: SHB Carlos Córdova 0-0: Ground out 6-3 (Groundball, 6S)
Batting: LHB António Camacho 0-0: Called Strike
0-1: Foul Ball, location: 2F
0-2: Ground out U3 (Groundball, 3L)
Batting: RHB Alonso Holguín 0-0: Called Strike
0-1: Ball
1-1: Ball
2-1: Foul Ball, location: 2F
2-2: Foul Ball, location: 2F
2-2: Fly out, F9 (Flyball, 9S)
Bottom of the 6th over - 0 run(s), 0 hit(s), 0 error(s), 0 left on base; District 9 3 - Houston 0
TOP OF THE 7TH
District 9 Prawns batting - Pitching for Houston Hammertime : LHP William Watson
Batting: LHB Miguel Barrón 0-0: Ball
1-0: Called Strike
1-1: Foul Ball, location: 2F
1-2: Strikes out swinging, 2-3 out at first.
Batting: RHB Phil Jacobs 0-0: Called Strike
0-1: Called Strike
0-2: Ball
1-2: SINGLE (Groundball, 56D)
Batting: SHB Félix Montoya 0-0: Fielders Choice at 2nd, 6-4 (Groundball, 56)
Batting: RHB José Colón 0-0: Ball
1-0: Fly out, F7 (Flyball, 78M)
Top of the 7th over - 0 run(s), 1 hit(s), 0 error(s), 1 left on base; District 9 3 - Houston 0
BOTTOM OF THE 7TH
Houston Hammertime batting - Pitching for District 9 Prawns : LHP Pedro Valdés
Batting: LHB Frank Geddes 0-0: Ball
1-0: SOLO HOME RUN (Flyball, 8RXD), Distance : 436 ft
Batting: RHB John Major 0-0: Called Strike
0-1: Foul Ball, location: 2F
0-2: Foul Ball, location: 2F
0-2: SINGLE (Flyball, 8LS)
Batting: RHB Pedro Meza 0-0: Called Strike
0-1: Foul Ball, location: 2F
0-2: Ball
1-2: Ball
2-2: Strikes out looking
Batting: RHB Santo Cruz 0-0: Foul Ball, location: 2F
0-1: Ball
1-1: Ball
2-1: SINGLE (Line Drive, 56)
John Major to second
Batting: RHB José García 0-0: Ball
1-0: Called Strike
1-1: Foul Ball, location: 2F
1-2: Ball
2-2: Grounds into double play, 5-4-3 (Groundball, 56)
Bottom of the 7th over - 1 run(s), 3 hit(s), 0 error(s), 1 left on base; District 9 3 - Houston 1
TOP OF THE 8TH
District 9 Prawns batting - Pitching for Houston Hammertime : LHP William Watson
Batting: LHB Leonard Young 0-0: Swinging Strike
0-1: Foul Ball, location: 2F
0-2: Ball
1-2: Ball
2-2: Foul Ball, location: 2F
2-2: Foul Ball, location: 2F
2-2: Ball
3-2: Ground out 1-3 (Groundball, 13)
Batting: SHB Rick Turner 0-0: Ball
1-0: Foul Ball, location: 2F
1-1: Swinging Strike
1-2: Strikes out looking
Batting: LHB Terry Simpson 0-0: Ball
1-0: Called Strike
1-1: DOUBLE (Line Drive, 78XD)
Batting: RHB Felipe Jareño 0-0: Swinging Strike
0-1: Ball
1-1: Foul Ball, location: 2F
1-2: Foul Ball, location: 2F
1-2: Strikes out looking
Top of the 8th over - 0 run(s), 1 hit(s), 0 error(s), 1 left on base; District 9 3 - Houston 1
BOTTOM OF THE 8TH
Houston Hammertime batting - Pitching for District 9 Prawns : LHP Pedro Valdés
Pitching: RHP José Huerta
Batting: RHB Victor Andrews 0-0: Called Strike
0-1: Ball
1-1: Foul Ball, location: 2F
1-2: Fly out, F8 (Flyball, 8RM)
Batting: SHB Carlos Córdova 0-0: Ball
1-0: Foul Ball, location: 2F
1-1: Ball
2-1: Foul Ball, location: 2F
2-2: Ball
3-2: Foul Ball, location: 2F
3-2: Fly out, F8 (Flyball, 8LS)
Batting: LHB António Camacho 0-0: Called Strike
0-1: Ball
1-1: Ball
2-1: Foul Ball, location: 2F
2-2: Foul Ball, location: 2F
2-2: Ball
3-2: Fly out, F4 (Popup, 4)
Bottom of the 8th over - 0 run(s), 0 hit(s), 0 error(s), 0 left on base; District 9 3 - Houston 1
TOP OF THE 9TH
District 9 Prawns batting - Pitching for Houston Hammertime : LHP William Watson
Batting: LHB Culley Vaughan 0-0: SINGLE (Line Drive, 4MD)
Batting: LHB Miguel Barrón 0-0: Sac Bunt - play at first, batter OUT! 1-3
Culley Vaughan to second
Batting: RHB Phil Jacobs 0-0: Called Strike
0-1: SINGLE (Groundball, 56D)
Culley Vaughan to third
Pinch Hitting: RHB Mal Snyder 0-0: Called Strike
0-1: Ball
1-1: Swinging Strike
1-2: Strikes out swinging
Batting: RHB José Colón 0-0: Foul Ball, location: 2F
0-1: Swinging Strike
0-2: Ball
1-2: Strikes out swinging
Top of the 9th over - 0 run(s), 2 hit(s), 0 error(s), 2 left on base; District 9 3 - Houston 1
BOTTOM OF THE 9TH
Houston Hammertime batting - Pitching for District 9 Prawns : RHP José Huerta
Pitching: RHP Mike Stabler
Now at 2B: Reynold Akker
Batting: RHB Alonso Holguín 0-0: Foul Ball, location: 2F
0-1: Called Strike
0-2: Ball
1-2: Foul Ball, location: 2F
1-2: Strikes out looking
Batting: LHB Frank Geddes 0-0: Called Strike
0-1: Called Strike
0-2: Foul Ball, location: 2F
0-2: Ball
1-2: Strikes out swinging
Batting: RHB John Major 0-0: Ball
1-0: Ball
2-0: Swinging Strike
2-1: Swinging Strike
2-2: Ball
3-2: Base on Balls
Pinch Hitting: LHB Juan Cabañas 0-0: Ball
1-0: Called Strike
1-1: Called Strike
1-2: Strikes out looking
Bottom of the 9th over - 0 run(s), 0 hit(s), 0 error(s), 1 left on base; District 9 3 - Houston 1
Tuesday, August 8th, 2017 - OOTP Baseball 17.12 Build 75